Map: Winter's Gate LE

Players

ȎlȎ - Winner!

  • Race: Protoss Protoss
  • League: Master
  • Spawn Location: 5:00

Mez

  • Race: Terran Terran
  • League: Master
  • Spawn Location: 11:00

VOD

Have the link to the VOD?

Description

Time

  • Played on: Sept. 9, 2019, 11:27 a.m.
  • Length: 12:15
Show
View Real Time Build Order
Export as new Build Order

ȎlȎ Protoss - Winner!

Build Orders: Dark Templar Rush 

Get SALT Encoding   

  12  0:01  Probe  
  13  0:13  Probe  
  14  0:18  Pylon  
  14  0:24  Probe  
  15  0:32  Probe  
  15  0:38  Assimilator  
  15  0:40  Probe  
  16  0:47  Pylon  
  17  0:51  Probe  
  18  1:03  Probe  
  19  1:06  Gateway  
  19  1:15  Probe  
  20  1:38  Nexus  
  20  1:46  Zealot  
  20  1:53  Cybernetics Core  
  20  1:58  Probe  
  23  2:03  Assimilator  
  23  2:13  Pylon  
  23  2:22  Stalker  
  25  2:24  Probe  
  24  2:36  Probe  
  27  2:37  Twilight Council  
  27  2:38  Warp Gate  
  27  2:48  Probe  
  26  2:51  Stalker  
  28  3:09  Probe  
  28  3:10  Probe  
  30  3:18  Gateway  
  30  3:22  Probe x2  
  32  3:34  Probe x2  
  34  3:39  Dark Shrine, Pylon  
  34  3:41  Gateway  
  34  3:51  Probe, Robotics Facility  
  34  3:54  Probe  
  36  3:59  Probe  
  36  4:02  Gateway  
  36  4:07  Probe  
  37  4:10  Probe  
  37  4:12  Shield Battery  
  37  4:15  Probe  
  39  4:22  Probe  
  41  4:24  Probe  
  42  4:34  Probe  
  42  4:36  Nexus  
  43  4:41  Observer  
  43  4:43  Charge  
  44  4:48  Assimilator  
  44  4:50  Assimilator  
  44  4:53  Dark Templar  
  44  4:56  Dark Templar  
  48  5:06  Shield Battery  
  48  5:09  Probe x2  
  48  5:10  Pylon  
  50  5:14  Pylon  
  50  5:21  Probe x2  
  52  5:33  Probe  
  42  5:38  Stalker x3  
  48  5:45  Probe  
  48  5:49  Probe  
  48  5:53  Probe  
  48  5:57  Probe  
  48  6:01  Probe  
  48  6:03  Probe  
  51  6:05  Probe  
  51  6:10  Immortal  
  57  6:13  Probe  
  57  6:15  Probe  
  57  6:25  Probe  
  58  6:27  Probe  
  58  6:30  Forge x2  
  58  6:32  Probe  
  59  6:33  Robotics Bay  
  59  6:37  Probe  
  59  6:39  Probe, Sentry  
  64  6:42  Immortal  
  64  6:43  Dark Templar  
  66  6:48  Probe  
  66  6:49  Probe  
  72  6:57  Probe  
  73  7:01  Probe  
  73  7:05  Probe  
  74  7:13  Colossus, Probe  
  74  7:14  Probe  
  77  7:17  Probe  
  77  7:18  Pylon  
  77  7:20  Assimilator  
  77  7:22  Pylon  
  78  7:25  Probe  
  78  7:28  Pylon  
  85  7:34  Photon Cannon  
  85  7:36  Probe x2  
  87  7:37  Photon Cannon  
  87  7:39  Probe  
  87  7:40  Protoss Ground Armor Level 1, Protoss Ground Weapons Level 1  
  88  7:44  Photon Cannon  
  88  7:47  Photon Cannon  
  88  7:48  Probe x2  
  88  7:51  Probe  
  91  7:54  Observer  
  91  7:57  Colossus  
  91  8:00  Probe x2  
  91  8:02  Assimilator  
  91  8:03  Pylon  
  93  8:10  Photon Cannon  
  99  8:14  Pylon  
  99  8:17  Dark Templar x2  
  103  8:20  Dark Templar  
  103  8:22  Archon  
  103  8:24  Archon  
  78  8:50  Zealot x2  
  71  9:01  Stalker  
  74  9:10  Probe x3  
  74  9:12  Stalker x2  
  74  9:15  Colossus  
  80  9:19  Gateway  
  80  9:22  Gateway  
  81  9:24  Probe  
  81  9:25  Gateway  
  81  9:26  Dark Templar  
  89  9:33  Gateway  
  89  9:34  Extended Thermal Lance  
  89  9:35  Sentry  
  89  9:36  Sentry  
  93  9:48  Probe x2  
  93  9:49  Probe  
  96  9:58  Gateway  
  96  10:00  Gateway  
  96  10:04  Warp Prism  
  96  10:12  Dark Templar x2  
  102  10:15  Dark Templar  
  102  10:18  Archon  
  102  10:19  Dark Templar  
  106  10:24  Pylon  
  106  10:28  Pylon  
  106  10:31  Photon Cannon  
  106  10:33  Dark Templar  
  108  10:35  Dark Templar  
  110  10:45  Stalker x2  
  114  10:59  Probe x2  
  116  11:05  Dark Templar  
  116  11:06  Stalker x3, Dark Templar  
  116  11:08  Zealot  
  116  11:10  Archon  
  116  11:11  Archon x2  
  128  11:12  Zealot  
  130  11:19  Stalker x2  
  134  11:39  Zealot  
  126  11:40  Zealot x6  
  123  12:00  Photon Cannon  
Show
View Real Time Build Order
Export as new Build Order

Mez Terran 

Build Orders: Reaper Expand 

Get SALT Encoding   

  12  0:00  SCV  
  13  0:13  SCV  
  14  0:17  Supply Depot  
  14  0:25  SCV  
  15  0:38  SCV  
  15  0:40  Barracks  
  16  0:45  Refinery  
  16  0:51  SCV  
  17  1:03  SCV  
  18  1:15  SCV  
  19  1:31  Orbital Command, Reaper  
  20  1:42  Command Center  
  20  1:51  Bunker  
  20  1:57  SCV  
  21  2:02  Marine  
  21  2:07  Supply Depot  
  22  2:09  SCV  
  23  2:21  Factory  
  22  2:27  Barracks Reactor  
  22  2:34  SCV  
  23  2:37  Refinery  
  23  2:46  SCV  
  23  3:07  Marine x2  
  23  3:08  Widow Mine  
  23  3:10  Starport, Orbital Command  
  27  3:14  SCV  
  28  3:27  SCV  
  29  3:32  Widow Mine, Marine x2  
  33  3:38  SCV  
  33  3:39  SCV  
  35  3:44  Supply Depot  
  35  3:50  Marine x2  
  35  3:52  Medivac  
  35  3:54  SCV x2  
  41  3:57  Factory Tech Lab  
  41  3:58  Barracks  
  41  4:06  SCV x2, Engineering Bay  
  43  4:11  Supply Depot  
  43  4:12  Marine x2  
  45  4:18  SCV x2  
  46  4:27  Starport Tech Lab  
  46  4:30  Factory Reactor, SCV  
  46  4:31  Barracks, SCV  
  48  4:43  Refinery, SCV x2  
  48  4:44  Marine x2  
  52  4:50  Terran Infantry Weapons Level 1  
  52  4:52  Supply Depot  
  52  4:53  Starport Reactor  
  52  4:55  SCV x2  
  55  5:07  SCV x2  
  55  5:10  Supply Depot  
  55  5:12  Marauder, Marine  
  59  5:15  Widow Mine  
  59  5:19  Widow Mine, SCV x2  
  59  5:21  Supply Depot  
  65  5:27  Marauder  
  65  5:31  SCV x2  
  59  5:42  Widow Mine x2  
  53  5:58  Missile Turret  
  53  6:07  Stimpack  
  53  6:09  Medivac  
  53  6:19  Barracks Tech Lab  
  53  6:21  Widow Mine x2  
  57  6:25  SCV x2  
  59  6:38  SCV  
  60  6:42  Combat Shield  
  60  6:46  SCV  
  61  6:48  Marine x4  
  61  6:50  SCV  
  66  6:54  Terran Infantry Armor Level 1  
  66  7:03  Missile Turret  
  66  7:05  Medivac  
  66  7:07  Marine x4  
  72  7:10  SCV  
  72  7:12  SCV  
  74  7:24  Widow Mine  
  74  7:25  Widow Mine, Marine  
  74  7:27  SCV x2  
  81  7:30  Supply Depot  
  81  7:31  Supply Depot  
  81  7:36  Medivac x2  
  85  7:46  SCV  
  86  7:52  Concussive Shells, SCV  
  86  7:55  Marauder, Command Center  
  86  7:56  Marine  
  86  7:58  Marine  
  91  8:05  Marauder, Refinery  
  93  8:10  Medivac x2  
  97  8:17  Supply Depot  
  97  8:19  Supply Depot  
  93  8:37  Marauder x2, Marine x2  
  93  8:39  Widow Mine x2  
  93  8:40  Medivac  
  88  8:58  Marine x2  
  88  8:59  Marauder x2  
  88  9:00  SCV x2  
  88  9:01  Barracks  
  88  9:02  Barracks  
  83  9:12  SCV  
  83  9:15  Marine x2  
  84  9:20  Marauder x2  
  84  9:21  Viking x2  
  92  9:28  Armory  
  92  9:30  Missile Turret  
  92  9:32  Orbital Command  
  92  9:41  Marine x2  
  94  9:52  Barracks Tech Lab, Barracks Reactor  
  94  9:53  Viking x2  
  94  9:55  Supply Depot  
  94  9:56  Supply Depot  
  94  9:59  Starport  
  98  10:02  Marine x2  
  98  10:03  Marauder x2  
  98  10:04  SCV  
  98  10:05  Refinery, SCV x2  
  107  10:11  Refinery  
  107  10:12  Supply Depot  
  107  10:14  Engineering Bay  
  107  10:16  Terran Ship Weapons Level 1  
  107  10:20  Marine  
  108  10:23  Viking x2  
  114  10:28  Supply Depot, Marauder  
  114  10:29  Marauder x2, Marine x3, Supply Depot  
  121  10:38  Marine, SCV x3  
  121  10:40  Viking  
  121  10:41  Viking  
  127  10:50  SCV x2  
  127  10:54  Marine x5  
  134  11:07  Command Center  
  134  11:11  Viking x2  
  138  11:22  Viking x2  
  94  11:46  Marine  
  66  11:47  Marauder x2  
Tags
 
Add a new tag
Caveats
  • Supply blocks, unpowered buildings, or Contaminate may cause inaccurate times.
  • Supply counts are checked every 10 seconds.